 Dungeon Crawl Stone Soup version 0.28.0-49-g6dfe1f597d (webtiles) character file.

Game seed: 8141941282946917509

10467 zeram the Cleaver (level 11, 0/162 HPs)
             Began as a Minotaur Fighter on May 19, 2022.
             Was a Follower of Yredelemnul.
             Slain by an orc warrior
             ... wielding a +0 trident
              (3 damage)
             ... on level 1 of the Orcish Mines.
             The game lasted 00:18:45 (11257 turns).

zeram the Cleaver (Minotaur Fighter)               Turns: 11257, Time: 00:18:46

Health: 0/162      AC: 25    Str: 25    XL:     11   Next: 36%
Magic:  10/10      EV:  2    Int:  5    God:    Yredelemnul [*.....]
Gold:   530        SH:  9    Dex: 10    Spells: 10/10 levels left

rFire   . . .      SeeInvis .   o - +2 hand axe (elec)
rCold   . . .      Faith    .   D - +0 kite shield
rNeg    . . .      Spirit   .   (armour currently unavailable)
rPois   +          Reflect  .   (helmet currently unavailable)
rElec   .          Harm     .   (cloak currently unavailable)
rCorr   .          Rampage  .   (gloves currently unavailable)
Will    .....      NoTele   +   (boots currently unavailable)
Stlth   ++........              (no amulet)
HPRegen 0.37/turn               (no ring)
MPRegen 0.12/turn               (no ring)

@: mighty, tree-form, studying Axes
A: stationary, stasis, torment immunity, boosted hp, (horns 2), (retaliatory
headbutt), (iridescent scales 1), robust 1
a: Renounce Religion, Recall Undead Harvest


You were on level 1 of the Orcish Mines.
You worshipped Yredelemnul.
Yredelemnul was noncommittal.
You were a tree.
You visited 3 branches of the dungeon, and saw 12 of its levels.

You collected 530 gold pieces.

Inventory:

Hand Weapons
 a - a +0 war axe of protection
 o - a +2 hand axe of electrocution (weapon)
Missiles
 e - 5 throwing nets (quivered)
Armour
 b - a +0 scale mail
 c - a +0 buckler
 g - a +0 plate armour (melded)
 k - a +0 hat (melded)
 n - a scarf of shadows (melded)
 q - a +1 pair of boots (melded)
 u - +0 steam dragon scales
 v - a +0 cloak
 D - a +0 kite shield (worn)
Wands
 m - a wand of flame (22)
 t - a wand of polymorph (3)
 x - a wand of iceblast (9)
Scrolls
 f - 2 scrolls of vulnerability
 C - a scroll of fog
Potions
 h - a potion of cancellation
 p - a potion of brilliance


   Skills:
 + Level 9.7 Fighting
 + Level 14.9 Axes
 + Level 11.7 Armour
 + Level 5.1 Dodging
 - Level 2.0 Stealth
 + Level 7.3 Shields
 - Level 0.2 Evocations


You had 10 spell levels left.
You didn't know any spells.
Your spell library contained the following spells:

 Spells                   Type           Power      Damage    Failure   Level
 Magic Dart               Conj           0%         1d3       80%         1
 Summon Small Mammal      Summ           0%         N/A       80%         1
 Call Imp                 Summ           0%         N/A       90%         2
 Call Canine Familiar     Summ           0%         N/A       99%         3
 Gell's Gravitas          Tloc           0%         N/A       99%         3
 Mephitic Cloud           Conj/Pois/Air  0%         N/A       99%         3
 Summon Guardian Golem    Hex/Summ       0%         N/A       99%         3
 Teleport Other           Tloc           0%         N/A       99%         3
 Dispersal                Tloc           0%         N/A       100%        6


Dungeon Overview and Level Annotations

Branches:
Dungeon (9/15)             Temple (1/1) D:6            Lair (0/6) D:9
    Orc (2/2) D:9
    Elf: Orc:2

Altars:
Ashenzari
Cheibriados
Dithmenos
Elyvilon
Fedhas
Gozag
Hepliaklqana
Kikubaaqudgha
Makhleb
Nemelex Xobeh
Okawaru
Qazlal
Ru
Sif Muna
Trog
Uskayaw
Vehumet
Wu Jian
Xom
Yredelemnul
Zin
The Shining One

Shops:
D:6 :   D:7 [   Orc:1 [


Innate Abilities, Weirdness & Mutations

You are a tree.
Your roots penetrate the ground, keeping you stationary.
You cannot be teleported.
You are immune to unholy pain and torment.
Your maximum health is greatly increased.
Your equipment is partially melded.
((You have a pair of horns on your head.))
((You reflexively headbutt those who attack you in melee.))
((You are partially covered in iridescent scales. (AC +2)))
You are robust. (+10% HP)


Message History

Attack!
The orc priest hits something with a +0 club.
Something hits the orc warrior!
Your orc priest zombie closely misses the orc warrior.
The orc warrior hits you but does no damage.
You cannot move.
Unknown command.
Okay, then.
Unknown command.
The orc priest hits something with a +0 club.
Your orc priest zombie hits the orc warrior but does no damage.
The orc warrior hits you but does no damage.
Something hits the orc priest!
You slash the orc priest zombie!
Lightning courses through the orc priest zombie!
You destroy the orc priest zombie!
That felt strangely unrewarding.
The orc priest hits something with a +0 club.
Your orc zombie hits the orc warrior but does no damage.
The orc warrior hits you from afar with a +0 trident!
* * * LOW HITPOINT WARNING * * *
Your orc priest zombie barely misses the orc warrior.
The orc priest calls upon Beogh to heal the orc warrior.
The orc warrior is healed somewhat.
Something hits the orc priest.
The orc priest dies!
A black mist starts to gather...
Your orc zombie closely misses the orc warrior.
What are your orders? t - Creak!
Orders for allies: a - Attack new target. p - Attack previous target. r - Retreat! s - Stop attacking. g - Guard the area. f - Follow me.
Anything else - Cancel.
Gang up on whom?
Press: ? - help, Dir - move target, f/p - orc warrior
Aim: an orc warrior, wielding a +0 trident and wearing a +0 chain mail (moderately wounded, ally target) Attack!
The orc warrior hits you from afar with a +0 trident.
You die...
Your body rises from the dead as a mindless zombie.

#######
#♣))).#
##ZZ..#
#o.o))...#
#...).....#
#....#Z....
.....##.....
#Oo..# ##...
..... ...


You could see an orc warrior (ally target), a friendly orc zombie and 2 friendly
orc priest zombies.

Vanquished Creatures
  Harold (D:8)
  A two-headed ogre (D:9)
  2 orc sorcerers (Orc:1)
  A cyclops (Orc:1)
  Maggie (D:8)
  Psyche (D:8)
  4 trolls
  Prince Ribbit (D:8)
  A hornet (D:6)
  2 wyverns (D:9)
  2 steam dragons (D:8)
  3 vampire mosquitoes (D:7)
  A warg (Orc:1)
  5 ogres (Orc:1)
  18 orc warriors
  2 sky beasts (D:7)
  5 black bears
  2 centaurs
  A bullfrog (D:9)
  4 scorpions
  A water moccasin zombie (D:6)
  A wyvern zombie (D:7)
  A wyvern skeleton (D:7)
  A killer bee (D:9)
  3 wights (D:8)
  A howler monkey (D:6)
  A bullfrog zombie (D:5)
  A jelly (D:7)
  4 centaur zombies
  8 orc priests
  A bullfrog skeleton (D:6)
  2 hounds
  A gnoll shaman (Orc:1)
  7 orc wizards
  A scorpion zombie (D:5)
  Natasha (thrice) (D:3)
  A killer bee zombie (D:7)
  A hound skeleton (D:4)
  5 gnolls (Orc:1)
  12 adders
  2 howler monkey skeletons
  A white imp (D:6)
  An orc zombie (Orc:1)
  An adder zombie (D:5)
  A worm (D:3)
  2 dart slugs
  29 orcs
  7 bats
  7 endoplasms
  4 giant cockroaches
  2 goblins (D:2)
  A hobgoblin (D:3)
  11 jackals
  2 quokkas
  3 ball pythons
  A frilled lizard (D:3)
  12 kobolds
  5 rats
206 creatures vanquished.

Vanquished Creatures (collateral kills)
  A manticore (D:9)
  A black bear (D:9)
  A kobold brigand (D:9)
  An orc priest (Orc:1)
  An orc wizard (D:9)
5 creatures vanquished.

Vanquished Creatures (others)
  An ogre zombie (Orc:1)
  A sky beast zombie (D:7)
  6 orc zombies
  An orc (D:8)
  11 fungi
  16 plants
36 creatures vanquished.

Grand Total: 247 creatures vanquished

Notes
Turn   | Place    | Note
-------+----------+-------------------------------------------
     0 | D:1      | zeram the Minotaur Fighter began the quest for the Orb.
     0 | D:1      | Reached XP level 1. HP: 19/19 MP: 0/0
     1 | D:1      | Noticed an electric eel
    76 | D:1      | You fall into a shaft and drop 1 floor!
    91 | D:2      | Reached XP level 2. HP: 18/27 MP: 1/1
   682 | D:2      | Reached XP level 3. HP: 23/33 MP: 2/2
  1371 | D:3      | Noticed Natasha
  1377 | D:3      | Killed Natasha
  1378 | D:3      | Reached skill level 3 in Axes
  1378 | D:3      | Reached XP level 4. HP: 27/40 MP: 3/3
  1865 | D:3      | Noticed Natasha
  1868 | D:3      | Killed Natasha
  1869 | D:3      | Reached skill level 1 in Dodging
  2305 | D:3      | Noticed Natasha
  2313 | D:3      | Killed Natasha
  2314 | D:3      | Reached skill level 4 in Axes
  2314 | D:3      | Reached XP level 5. HP: 27/47 MP: 4/4
  2480 | D:4      | Noticed a black bear
  2491 | D:4      | Killed a black bear
  2492 | D:4      | Reached skill level 5 in Axes
  2492 | D:4      | Reached skill level 5 in Armour
  2495 | D:4      | Reached XP level 6. HP: 39/53 MP: 5/5
  3059 | D:4      | Reached skill level 5 in Fighting
  3417 | D:5      | Entered Level 5 of the Dungeon
  3493 | D:5      | Reached XP level 7. HP: 53/61 MP: 6/6
  3544 | D:5      | Reached skill level 6 in Axes
  3693 | D:5      | Noticed a troll
  3701 | D:5      | Killed a troll
  3702 | D:5      | Gained mutation: You are robust. (+10% HP) [potion of
                  | mutation]
  3702 | D:5      | Gained mutation: You are partially covered in iridescent
                  | scales. (AC +2) [potion of mutation]
  3929 | D:5      | Reached skill level 7 in Axes
  4074 | D:5      | Reached skill level 1 in Stealth
  4074 | D:5      | Reached XP level 8. HP: 62/75 MP: 7/7
  4214 | D:5      | Found a sacrificial altar of Ru.
  4528 | D:6      | Reached skill level 5 in Shields
  4639 | D:6      | Found Fustaxku's Book Boutique.
  4766 | D:6      | Found a staircase to the Ecumenical Temple.
  5030 | D:6      | Reached skill level 8 in Axes
  5239 | Temple   | Entered the Ecumenical Temple
  5490 | Temple   | Became a worshipper of Yredelemnul the Dark
  5671 | D:7      | Noticed a hornet
  5691 | D:6      | Paralysed by a hornet for 1 turns
  5693 | D:6      | Killed a hornet
  6018 | D:7      | Reached skill level 9 in Axes
  6134 | D:7      | Reached XP level 9. HP: 53/85 MP: 8/8
  6135 | D:7      | Reached * piety under Yredelemnul
  6679 | D:7      | Found Mihyoz's Armour Boutique.
  6737 | D:7      | Reached ** piety under Yredelemnul
  6749 | D:7      | Reached skill level 10 in Axes
  6987 | D:8      | Noticed Maggie
  7003 | D:8      | Killed Maggie
  7316 | D:8      | Noticed Prince Ribbit
  7321 | D:8      | Killed Prince Ribbit
  7489 | D:8      | Noticed Psyche
  7675 | D:8      | Noticed Harold
  7677 | D:8      | Reached skill level 11 in Axes
  7691 | D:8      | Killed Harold
  7692 | D:8      | Reached XP level 10. HP: 93/96 MP: 9/9
  7769 | D:8      | Killed Psyche
  8473 | D:8      | Identified a scroll of acquirement
  8473 | D:8      | Acquired a manual of Axes
  8567 | D:9      | Reached skill level 12 in Axes
  8586 | D:9      | Found a staircase to the Orcish Mines.
  8623 | D:9      | Noticed a two-headed ogre
  8629 | D:9      | Killed a two-headed ogre
  8630 | D:9      | Reached skill level 10 in Armour
  9049 | D:9      | Reached skill level 13 in Axes
  9056 | D:9      | Reached *** piety under Yredelemnul
  9080 | D:9      | Noticed a manticore
  9087 | D:9      | Killed a manticore
  9150 | D:9      | Reached **** piety under Yredelemnul
  9450 | D:9      | Found a staircase to the Lair.
  9471 | D:9      | Reached ***** piety under Yredelemnul
  9474 | D:9      | Reached skill level 14 in Axes
  9743 | Orc:1    | Entered Level 1 of the Orcish Mines
  9743 | Orc:1    | Noticed a cyclops
  9751 | Orc:1    | Killed a cyclops
  9752 | Orc:1    | Reached skill level 5 in Dodging
  9920 | Orc:1    | Reached XP level 11. HP: 79/106 MP: 10/10
 10065 | Orc:1    | Found Buina's Antique Armour Shop.
 10429 | Orc:2    | Entered Level 2 of the Orcish Mines
 10429 | Orc:2    | Noticed an orc high priest
 10587 | Orc:2    | Noticed an orc sorcerer
 10792 | Orc:2    | Noticed an orc knight
 11038 | Orc:1    | Noticed a sixfirhy
 11038 | Orc:1    | Killed an orc sorcerer
 11213 | Orc:1    | Noticed an orc sorcerer
 11228 | Orc:1    | Noticed a sixfirhy
 11231 | Orc:1    | Killed an orc sorcerer
 11247 | Orc:1    | HP: 7/162 [ogre/+0 giant club (9)]
 11249 | Orc:1    | HP: 2/162 [orc priest/divine providence (10)]
 11256 | Orc:1    | HP: 2/162 [orc warrior/+0 trident (8)]
 11257 | Orc:1    | Slain by an orc warrior

Illustrated notes

Levels and vault maps discovered:
D:1:      arrival_aquarium_a, layout_rooms, shapermc_ecumenical_altar_pompeii,
          nicolae_concentric_dashed_squares_mild
D:2:      layout_loops_ring, chequers_serial_rivers_large_b,
          columned_hall_lemuel, grunt_ministairs_9
D:3:      minmay_diamond_boxcup, layout_basic, chequers_serial_rivers_small_a,
          uniq_natasha
D:4:      layout_gridville, guppyfry_early_lair_pool
D:5:      layout_loops_ring, mainiacjoe_overflow_tiny_flanked
D:6:      layout_cave_pools, minmay_temple_entry_mini_moons, serial_shops,
          nicolae_shop_stone, chequers_garden
D:7:      layout_loops_ring, serial_shops, nicolae_shop_statue_plus
D:8:      layout_layer_cave, minmay_statues_item, uniq_prince_ribbit1,
          uniq_psyche, uniq_harold, uniq_maggie
D:9:      layout_long_grid, grunt_lair_entry_orc_guard_hut, orc_0_dummy,
          serial_bayou_pond_e, minmay_misc_feat_plants, minmay_diced_spiral
Temple:   mainiacjoe_temple_archimedes_tessellation
Orc:1:    layout_diamond_mine, serial_shops, nicolae_shop_hallway_plus,
          statue_in_the_mist_lemuel
Orc:2:    grunt_orc_gardens, layout_caves, grunt_orc_garden, grunt_orc_garden,
          grunt_orc_garden, grunt_orc_garden

Skill      XL: |  1  2  3  4  5  6  7  8  9 10 11 |
---------------+----------------------------------+-----
Fighting       | 4 5 6 8 9 |  9.7
Armour         | 4 5 7 8 9 10 11 | 11.7
Shields        | 4 5 6 7 |  7.3
Axes           | 3 4 5 7 9 11 14 | 14.9
Dodging        | 1 2 3 4 5 |  5.1
Stealth        | 1 2 |  2.0
Evocations     | |  0.2

Action                   |  1- 3 |  4- 6 |  7- 9 | 10-12 || total
-------------------------+-------+-------+-------+-------++-------
Melee: War axe           |    71 |    89 |   104 |       ||   264
       Headbutt          |     6 |    12 |    34 |    43 ||    95
       Hand axe          |       |       |   121 |   215 ||   336
       Unarmed           |       |       |     2 |       ||     2
Evoke: Wand              |       |       |     2 |     8 ||    10
  Use: Scroll            |     2 |     2 |     5 |    11 ||    20
       Potion            |       |     1 |     6 |    10 ||    17
 Stab: Paralysed         |       |       |       |     3 ||     3
Armor: Scale mail        |    38 |    51 |    92 |     9 ||   190
       Plate armour      |       |       |       |   110 ||   110
       Skin              |       |       |       |    11 ||    11
Dodge: Dodged            |    40 |    43 |   106 |    76 ||   265
Block: Buckler           |    18 |    26 |    49 |    20 ||   113
       Kite shield       |       |       |       |    61 ||    61
